 Dungeon Crawl Stone Soup version 0.31-a0-174-g85c54bcb58 (webtiles) character file.

Game seed: 14274825205220948874

70 qw the Chopper (level 4, -4/28 HPs)
             Began as a Gargoyle Fighter on June 16, 2023.
             Slain by Natasha (7 damage)
             ... on level 2 of the Dungeon.
             The game lasted 00:00:43 (1184 turns).

qw the Chopper (Gargoyle Fighter)                   Turns: 1184, Time: 00:00:44

Health: -4/28      AC: 15    Str: 28    XL:     4   Next: 21%
Magic:  4/4        EV:  7    Int:  8    God:
Gold:   35         SH:  4    Dex:  9    Spells: 3/3 levels left

rFire   . . .        Y - +0 war axe
rCold   . . .        c - +0 buckler
rNeg    + . .        m - +0 plate armour
rPois   inf          (no helmet)
rElec   +            (no cloak)
rCorr   .            (no gloves)
SInv    .            (no boots)
Will    .....        (no amulet) Stlth
                     n - +6 ring of strength
HPRegen 0.24/turn    (no ring)
MPRegen 0.09/turn

%: no passive effects
@: slowed, very slow
A: sickness immunity, AC +3, negative energy resistance 1, electricity
resistance, torment resistance 1, petrification resistance
a: no special abilities


You were on level 2 of the Dungeon.
You visited 1 branch of the dungeon, and saw 2 of its levels.

You collected 35 gold pieces.


Innate Abilities, Weirdness & Mutations

You are immune to sickness and miasma.
Your stone body is resilient. (AC +3)
You are immune to poison.
You resist negative energy. (rN+)
You are resistant to electric shocks. (rElec)
You are resistant to unholy torment.
You are immune to petrification.


   Skills:
 - Level 3.2 Fighting
 + Level 4.0 Axes
 - Level 3.2 Armour
 - Level 3.2 Shields


You had 3 spell levels left.
You didn't know any spells.
Your spell library was empty.

Inventory:

Hand Weapons
 i - a +0 mace
 Y - a +0 war axe (weapon)
Armour
 c - a +0 buckler (worn)
 m - a +0 plate armour (worn)
Jewellery
 j - a ring of ice
 n - a +6 ring of strength (left hand)
Scrolls
 a - a scroll of identify
Potions
 d - a potion of might
 e - a potion of degeneration {unknown}
 g - a potion of curing {unknown}
 l - a potion of heal wounds {unknown}

Dungeon Overview and Level Annotations

Branches:
Dungeon (2/15)

Altars:

Shops:
D:1 !

Annotations:
D:2 Natasha, Terence


Message History

The cerulean imp hits you but does no damage.
You hit Natasha.
Natasha is severely wounded.
You closely miss the cerulean imp. Natasha claws you but does no damage.
The cerulean imp hits you but does no damage.
You block the cerulean imp's attack. Natasha claws you but does no damage.
The cerulean imp hits you but does no damage.
You block the cerulean imp's attack.
You hit Natasha but do no damage.
Natasha is severely wounded.
You closely miss the cerulean imp. Natasha claws you but does no damage.
You block the cerulean imp's attack.
The cerulean imp hits you but does no damage.
Natasha claws you.
You hit Natasha.
Natasha is almost dead.
You hit the cerulean imp.
The cerulean imp hits you but does no damage. x2
Natasha claws you but does no damage. The cerulean imp barely misses you.
The cerulean imp hits you with a +2 spear.
Natasha casts a spell at you.
You feel as though you will be slow longer.
The cerulean imp hits you but does no damage. x2
You completely miss Natasha.
Natasha is almost dead.
You slash the cerulean imp!
Natasha stares at you and mumbles some strange words.
The magic dart hits you. You block the cerulean imp's attack.
The cerulean imp hits you but does no damage.
Natasha wildly gestures.
Natasha glows brightly for a moment.
Natasha barely misses you. You block the cerulean imp's attack.
The cerulean imp hits you but does no damage.
You slash the cerulean imp!
You kill the cerulean imp!
The cerulean imp disappears in a puff of smoke!
You closely miss Natasha. Natasha claws you!
You die...

....#
#..................+...+
....#
###.##..#.#+##.##.####
....#
#............#.#<....#
....####.#.#........#
###.#.#
.........#..<#......#
...#
.........#.#........#
#..#
.........#.#.....#+##
#.(. .........#.....¤h#
.... .........###..(.@#
##.#. .........###..5..#
.. .................# #
...##########....#.#
...'...............#
...#####............#
#'## ##..#######...# #.#
#..# .....# #.# #.##
P.##.#


You could see Natasha and a cerulean imp (summoned).

Vanquished Creatures
  Natasha (D:2)
  An adder (D:2)
  A dart slug (D:2)
  A ball python (D:1)
  An endoplasm (D:1)
  A giant cockroach (D:1)
  4 goblins
  2 hobgoblins (D:1)
  6 quokkas
  7 bats
  A frilled lizard (D:1)
  3 kobolds
  3 rats
32 creatures vanquished.

Notes
Turn   | Place    | Note
-------+----------+-------------------------------------------
     0 | D:1      | qw the Gargoyle Fighter began the quest for the Orb.
     0 | D:1      | Reached XP level 1. HP: 14/14 MP: 1/1
     0 | D:1      | 0 ||| qw: Version: 0.2-a-29-g511e9b1
     0 | D:1      | 0 ||| qw: Game counter: 5632
     0 | D:1      | 0 ||| qw: Always use a shield: true
     0 | D:1      | 0 ||| qw: God list: Okawaru
     0 | D:1      | 0 ||| qw: Allow faded altars: false
     0 | D:1      | 0 ||| qw: Do Orc after D:15 true
     0 | D:1      | 0 ||| qw: Do second Lair branch before Depths: true
     0 | D:1      | 0 ||| qw: Lair rune preference: random
     0 | D:1      | 0 ||| qw: Plans: Normal, Zot:1-4, Slime:5, God:TSO, Crypt,
                  | Tomb, Abyss, Pan, Hells, Win
     0 | D:1      | 0 ||| PLANNING D:1-11
    42 | D:1      | 42 ||| Stepping ~*~*~tactically~*~*~ (stealth).
    53 | D:1      | Reached skill level 2 in Axes
   171 | D:1      | Reached XP level 2. HP: 18/19 MP: 2/2
   243 | D:1      | Found Ydwexkoi's Distillery.
   253 | D:1      | 253 ||| SHOPLISTING potion of attraction (33 gold, have
                  | 19).
   253 | D:1      | 253 ||| SHOPLISTING potion of curing (33 gold, have 19).
   253 | D:1      | 253 ||| SHOPLISTING potion of haste (110 gold, have 19).
   253 | D:1      | 253 ||| SHOPLISTING potion of magic (88 gold, have 19).
   253 | D:1      | 253 ||| SHOPLISTING potion of resistance (110 gold, have
                  | 19).
   644 | D:1      | Reached skill level 3 in Axes
   653 | D:1      | Reached XP level 3. HP: 23/23 MP: 3/3
   744 | D:1      | 744 ||| UPGRADING to +0 plate armour.
   754 | D:1      | 754 ||| DROPPING +0 scale mail.
   755 | D:1      | 755 ||| DROPPING ring of magical power.
   756 | D:1      | 756 ||| UPGRADING to +6 ring of strength.
   757 | D:1      | 757 ||| READING 2 scrolls labelled VAODELAAMN.
   758 | D:1      | 758 ||| READING 2 scrolls labelled KECREADWAA.
   833 | D:2      | Noticed Natasha
   834 | D:2      | 834 ||| Stepping ~*~*~tactically~*~*~ (hiding).
   835 | D:2      | 835 ||| Stepping ~*~*~tactically~*~*~ (hiding).
   840 | D:2      | Killed Natasha
   905 | D:2      | Noticed Terence
   914 | D:2      | HP: 5/23 [Terence/the +7 Throatcutter {drain, coup de
                  | grace} (9)]
   915 | D:2      | 915 ||| READING scroll of teleportation.
   919 | D:2      | 919 ||| FLEEEEING.
   920 | D:2      | 920 ||| FLEEEEING.
   921 | D:2      | 921 ||| FLEEEEING.
   922 | D:2      | 922 ||| STAIRDANCE
   991 | D:1      | 991 ||| READING scroll labelled QYXZE QADWIRR.
  1007 | D:2      | 1007 ||| DROPPING +2 whip of electrocution.
  1061 | D:2      | Reached XP level 4. HP: 28/28 MP: 4/4
  1083 | D:2      | Reached skill level 4 in Axes
  1168 | D:2      | Noticed Natasha
  1183 | D:2      | HP: 2/28 [Natasha/magic dart (6)]
  1184 | D:2      | Slain by Natasha

Levels and vault maps discovered:
D:1:      tekkud_arrival_beachfront_property, layout_loops_ring, serial_shops,
          shop
D:2:      layout_basic, dreamdust_ecumenical_altar_sealed_demon, basic_altar,
          uniq_terence, uniq_natasha

Skill      XL: |  1  2  3  4 |
---------------+-------------+-----
Axes           | 2 3 4 |  4.0
Fighting       | |  3.2
Armour         | |  3.2
Shields        | |  3.2

Action                     |  1- 3 |  4- 6 || total
---------------------------+-------+-------++-------
  Melee: War axe           |    96 |    26 ||   122
    Use: Scroll            |     4 |       ||     4
 Armour: Scale mail        |    37 |       ||    37
         Plate armour      |    17 |    25 ||    42
  Dodge: Dodged            |    46 |    15 ||    61
  Block: Buckler           |    23 |     9 ||    32

Table legend:
 A = Non-vault XP
 B = Vault XP
 C = Vault XP percentage of total XP
 D = Non-vault monster count
 E = Vault monster count
 F = Vault count percentage of total count
                 A         B        C        D         E       F
            +---------+---------+-------+---------+---------+-------
      Total |      64 |      36 |  36.0 |      31 |       1 |   3.1
            +---------+---------+-------+---------+---------+-------
        D:1 |      36 |       0 |   0.0 |      22 |       0 |   0.0
        D:2 |      28 |      36 |  56.2 |       9 |       1 |  10.0
            +---------+---------+-------+---------+---------+-------
